 Dungeon Crawl Stone Soup version 0.26-a0-64-g059e62fbdb (webtiles) character file.

Game seed: 17394091840929260250

281 Argons the Ruffian (level 6, -9/57 HPs)
             Began as a Troll Transmuter on June 9, 2020.
             Mangled by Sigmund
             ... wielding a +0 scythe
              (11 damage)
             ... on level 4 of the Dungeon on June 10, 2020.
             The game lasted 00:20:17 (2905 turns).

Argons the Ruffian (Troll Transmuter)               Turns: 2905, Time: 00:20:18

Health: -9/57      AC:  6    Str: 21    XL:     6   Next: 6%
Magic:  6/6        EV: 10    Int:  9    God:
Gold:   151        SH:  0    Dex: 10    Spells: 6/7 levels left

rFire    . . .     SeeInvis .     - Unarmed
rCold    . . .     Gourm    +   (no shield)
rNeg     . . .     Faith    .   b - +0 robe
rPois    .         Spirit   .   (helmet restricted)
rElec    .         Reflect  .   (no cloak)
rCorr    .         Harm     .   (gloves unavailable)
MR       .....                  (boots unavailable)
Stlth    +.........             o - amulet of magic regeneration
HPRegen  0.59/turn              (no ring)
MPRegen  0.35/turn              (no ring)

@: lethally poisoned (-9 -> -10)
A: large, unfitting armour, claws 3, fast metabolism 3, gourmand, regeneration
1, shaggy fur 1, tough skin 3
a: no special abilities


You were on level 4 of the Dungeon.
You were very full.

You visited 1 branch of the dungeon, and saw 4 of its levels.

You collected 151 gold pieces.

Inventory:

Armour
 b - a +0 robe (worn)
Jewellery
 o - an amulet of magic regeneration (around neck)
Wands
 k - a wand of random effects (12)
 s - a wand of flame (21)
Scrolls
 e - 3 scrolls of teleportation
 f - a scroll of fear
 h - a scroll of identify
 i - a scroll of magic mapping
 j - 3 scrolls of remove curse
 r - a scroll of amnesia
Potions
 a - a potion of resistance {unknown}
 g - a potion of mutation
 m - a potion of flight {unknown}
 p - a potion of stabbing {unknown}
 q - a potion of degeneration {unknown}
Comestibles
 c - a chunk of flesh
 d - 10 rations


   Skills:
 - Level 2.0 Fighting
 - Level 1.5 Dodging
 + Level 6.3 Unarmed Combat
 - Level 1.2 Spellcasting
 - Level 1.3 Transmutations


You had 6 spell levels left.
You knew the following spells:

 Your Spells              Type           Power        Failure   Level  Hunger
a - Beastly Appendage     Tmut           #.....       21%         1    ##.....

Your spell library contained the following spells:

 Spells                   Type           Power        Failure   Level  Hunger
 Sticks to Snakes         Tmut           #.......     30%         2    ###....
 Spider Form              Tmut/Pois      #.........   63%         3    ####...
 Ice Form                 Ice/Tmut       #.......     95%         4    #####..
 Blade Hands              Tmut           #.........   99%         5    ######.


Dungeon Overview and Level Annotations

Branches:
Dungeon (4/15)
 Temple: D:4-7

Altars:
Ashenzari
Cheibriados
Fedhas
Ru
The Shining One

Annotations:
D:4 Edmund, Sigmund


Innate Abilities, Weirdness & Mutations

You are too large for most types of armour.
You have claws for hands.
Your metabolism is lightning-fast.
You like to eat raw meat.
Your natural rate of healing is unusually fast.
You are covered in fur. (AC +1)
You have extremely tough skin. (AC +3)


Message History

You closely miss something.
Sigmund appears from thin air!
Reactivating autopickup.
Sigmund barely misses you.
You closely miss Sigmund.
You feel sick. Sigmund hits you with a +0 scythe.
You claw Sigmund!
Sigmund is moderately wounded.
Sigmund hits you with a +0 scythe!
* * * LOW HITPOINT WARNING * * *
You scratch Sigmund.
Sigmund is moderately wounded.
Sigmund hits you with a +0 scythe!
* * * LOW HITPOINT WARNING * * *
You closely miss Sigmund.
Sigmund is moderately wounded.
Sigmund says, "You will soon forget everything."
Sigmund closely misses you.
You barely miss Sigmund.
Sigmund is moderately wounded.
Sigmund hits you with a +0 scythe!
You die...

....###...?...####.............##
....##......................####
................##.#.......###.##
##.####...........##........(.#.#
##.####...{............#........#
.#..##...[....##..##.###.........
#...#.........###.### #..........
.#..(..##.....##@.## ###.........
.)...#####...###@..###........###
.............##...............#
..............................#
.............).............#.##
......###.....#...........####
........#.............#.....#
.....................##....##
....#..#..####..##...##....#
....##.#### #.###..####..##


You could see Sigmund (fast).

Vanquished Creatures
  2 worker ants (D:4)
  A hound zombie (D:4)
  A gnoll (D:1)
  A howler monkey skeleton (D:4)
  7 adders
  3 oozes
  An adder skeleton (D:2)
  A worm (D:2)
  2 dart slugs
  4 leopard geckos
  4 orcs
  3 ball pythons (D:1)
  7 bats
  7 giant cockroaches
  15 goblins
  10 hobgoblins
  9 jackals
  A quokka (D:4)
  5 frilled lizards
  12 kobolds
  A leopard gecko skeleton (D:4)
  8 rats
105 creatures vanquished.

Notes
Turn   | Place    | Note
-------+----------+-------------------------------------------
     0 | D:1      | Argons the Troll Transmuter began the quest for the Orb.
     0 | D:1      | Reached XP level 1. HP: 18/18 MP: 1/1
    35 | D:1      | Reached skill level 1 in Fighting
    79 | D:1      | Reached XP level 2. HP: 27/27 MP: 2/2
   254 | D:1      | Reached XP level 3. HP: 29/35 MP: 3/3
   945 | D:2      | Reached skill level 4 in Unarmed Combat
  1133 | D:2      | Reached XP level 4. HP: 40/42 MP: 4/4
  1898 | D:3      | Reached skill level 5 in Unarmed Combat
  2031 | D:3      | Reached XP level 5. HP: 49/49 MP: 5/5
  2471 | D:4      | Upgraded the game from 0.26-a0-61-g6c07f0ee8d to
                  | 0.26-a0-64-g059e62fbdb
  2517 | D:4      | Noticed Edmund
  2672 | D:4      | Found a blossoming altar of Fedhas.
  2673 | D:4      | Found a shattered altar of Ashenzari.
  2673 | D:4      | Found a snail-covered altar of Cheibriados.
  2673 | D:4      | Found a sacrificial altar of Ru.
  2677 | D:4      | Found a glowing golden altar of the Shining One.
  2726 | D:4      | Reached skill level 6 in Unarmed Combat
  2860 | D:4      | Noticed Sigmund
  2891 | D:4      | Reached XP level 6. HP: 52/57 MP: 6/6
  2903 | D:4      | HP: 1/57 [Sigmund/+0 scythe (10)]
  2905 | D:4      | Mangled by Sigmund

Illustrated notes

Levels and vault maps discovered:
D:1:      dpeg_arrival_houses_and_road, layout_loops_ring, minmay_pentomino_t4
D:2:      kennysheep_the_goblin_king, layout_basic
D:3:      layout_loops_cross
D:4:      layout_cave_pools, minitemple, first_ration, uniq_sigmund, uniq_edmund

Skill      XL: |  1  2  3  4  5 |
---------------+----------------+-----
Fighting       | 1 2 |  2.0
Unarmed Combat | 4 5 6 |  6.3
Dodging        | |  1.5
Spellcasting   | |  1.2
Transmutations | |  1.3

Action                   |  1- 3 |  4- 6 || total
-------------------------+-------+-------++-------
Melee: Unarmed           |   120 |   156 ||   276
       Punch             |     1 |     4 ||     5
  Use: Scroll            |       |     9 ||     9
 Stab: Sleeping          |       |     1 ||     1
  Eat: Chunk             |    15 |    16 ||    31
Armor: Robe              |    41 |    35 ||    76
Dodge: Dodged            |    50 |    52 ||   102

Table legend:
 A = Non-vault XP
 B = Vault XP
 C = Vault XP percentage of total XP
 D = Non-vault monster count
 E = Vault monster count
 F = Vault count percentage of total count
                 A         B        C        D         E       F
            +---------+---------+-------+---------+---------+-------
      Total |     383 |      19 |   4.7 |      95 |      10 |   9.5
            +---------+---------+-------+---------+---------+-------
        D:1 |      65 |       6 |   8.5 |      31 |       3 |   8.8
        D:2 |      78 |      13 |  14.3 |      26 |       7 |  21.2
        D:3 |      72 |       0 |   0.0 |      19 |       0 |   0.0
        D:4 |     168 |       0 |   0.0 |      19 |       0 |   0.0
            +---------+---------+-------+---------+---------+-------
